 Dungeon Crawl Stone Soup version 0.23-a0-329-g6f3f904 (webtiles) character file.

602 Garbasso the Slasher (level 7, -3/61 HPs)
             Began as a Minotaur Gladiator on Oct 16, 2018.
             Killed from afar by Dowan (15 damage)
             ... with a stone arrow
             ... on level 4 of the Dungeon.
             The game lasted 00:08:15 (3147 turns).

Garbasso the Slasher (Minotaur Gladiator)           Turns: 3147, Time: 00:08:17

Health: -3/61      AC:  3    Str: 18    XL:     7   Next: 18%
Magic:  6/6        EV: 14    Int:  5    God:
Gold:   112        SH:  0    Dex: 14    Spells: 6/6 levels left

rFire    . . .     SeeInvis .   a - +0 long sword
rCold    . . .     Gourm    .   (no shield)
rNeg     . . .     Faith    .   b - +0 leather armour
rPois    .         Spirit   .   c - +0 hat
rElec    .         Reflect  .   (no cloak)
rCorr    .         Harm     .   (no gloves)
MR       .....                  (no boots)
Stlth    +.........             (no amulet)
HPRegen  0.20/turn              (no ring)
MPRegen  0.10/turn              (no ring)

@: lethally poisoned (-3 -> -18)
A: retaliatory headbutt, horns 2
a: no special abilities


You were on level 4 of the Dungeon.
You were not hungry.

You visited 1 branch of the dungeon, and saw 4 of its levels.

You collected 112 gold pieces.

Inventory:

Hand Weapons
 a - a +0 long sword (weapon)
Missiles
 d - a throwing net (quivered) {=f}
 j - 4 tomahawks
 o - 76 stones
Armour
 b - a +0 leather armour (worn)
 c - a +0 hat (worn)
Scrolls
 i - 2 scrolls of remove curse
 p - a scroll of identify
Potions
 e - a potion of cancellation {unknown}
 g - 2 potions of degeneration {unknown}
 k - 2 potions of flight
 m - a potion of invisibility
 n - a potion of agility {unknown}
 q - a potion of mutation {unknown}
 r - a potion of resistance {unknown}
Comestibles
 f - 4 rations


   Skills:
 + Level 5.0 Fighting
 * Level 7.2 Long Blades
 - Level 2.0 Throwing
 + Level 2.4 Armour
 + Level 5.1 Dodging


You had 6 spell levels left.
You didn't know any spells.
Your spell library was empty.

Dungeon Overview and Level Annotations

Branches:
Dungeon (4/15)
 Temple: D:4-7

Altars:
Sif Muna
Uskayaw
Wu Jian

Annotations:
D:4 Dowan


Innate Abilities, Weirdness & Mutations

You reflexively headbutt those who attack you in melee.
You have a pair of horns on your head.


Message History

Dowan is severely wounded.
You feel sick.
Dowan points at you and mumbles some strange words.
The shard of ice hits you!
You barely miss Dowan. Your headbutt misses Dowan.
Dowan is severely wounded.
You feel sick.
Dowan hits you with a +6 dagger of venom.
* * * LOW HITPOINT WARNING * * *
You are lethally poisoned!
Dowan barely misses you.
You riposte.
You closely miss Dowan. You headbutt Dowan.
Dowan is almost dead.
You closely miss Dowan. Your headbutt misses Dowan.
Dowan is almost dead.
* * * LOW HITPOINT WARNING * * *
You feel sick.
Dowan points at you and mumbles some strange words.
The stone arrow hits you!
You die...

... ...
#....#.....#....# ...
#....#.....#....# .
#..
#....#.....######..
...
#....#.............
####...
##+######.............
.....#
#.........####......##
.....#
#.........#..#......#
.....+
#.........#..'......#
.....#
#......e@.[..#......+
.....#
#(......).#..#>.....#
.....#
#.........#..#........
.....#
#.........####........
.....# #....##+#..
......... .....# #..(.
#... ......... .....#
#.... #.... ##+####
###### .. #.... #


You could see Dowan.

Vanquished Creatures
  Grinder (D:4)
  Duvessa (D:4)
  A hound (D:4)
  3 orc wizards
  An orc priest (D:3)
  2 worker ants (D:4)
  Robin (D:3)
  3 adders
  2 oozes
  An adder skeleton (D:4)
  3 worms
  9 orcs
  5 bats
  5 giant cockroaches
  11 goblins
  6 hobgoblins
  5 frilled lizards (D:2)
  6 kobolds
  6 rats
72 creatures vanquished.

Notes
Turn   | Place    | Note
-------+----------+-------------------------------------------
     0 | D:1      | Garbasso the Minotaur Gladiator began the quest for the
                  | Orb.
     0 | D:1      | Reached XP level 1. HP: 18/18 MP: 0/0
   177 | D:1      | Reached skill level 4 in Long Blades
   260 | D:1      | Reached XP level 2. HP: 25/25 MP: 1/1
   901 | D:2      | Reached XP level 3. HP: 31/31 MP: 2/2
  1520 | D:3      | Noticed Robin
  1523 | D:3      | Killed Robin
  1532 | D:3      | Reached XP level 4. HP: 22/38 MP: 3/3
  1534 | D:3      | Reached skill level 5 in Long Blades
  1840 | D:3      | Reached XP level 5. HP: 45/46 MP: 4/4
  2337 | D:4      | Reached skill level 6 in Long Blades
  2349 | D:4      | Found a hide-covered altar of Uskayaw.
  2352 | D:4      | Found an ornate altar of the Wu Jian Council.
  2355 | D:4      | Found a deep blue altar of Sif Muna.
  2531 | D:4      | Reached skill level 1 in Armour
  2531 | D:4      | Reached XP level 6. HP: 17/53 MP: 5/5
  2839 | D:4      | Noticed Grinder
  2857 | D:4      | Killed Grinder
  2857 | D:4      | Reached skill level 7 in Long Blades
  2857 | D:4      | Reached skill level 5 in Dodging
  3115 | D:4      | Noticed Duvessa
  3116 | D:4      | Noticed Dowan
  3124 | D:4      | Killed Duvessa
  3124 | D:4      | Reached skill level 5 in Fighting
  3124 | D:4      | Reached XP level 7. HP: 60/61 MP: 6/6
  3147 | D:4      | Killed from afar by Dowan

Vault maps used:
D:1:      minmay_arrival_stair_chambers
D:3:      uniq_robin
D:4:      nicolae_overflow_crystal_walls, grunt_temple_overflow_diamond,
          minmay_misc_feat_square, uniq_duvessa, uniq_grinder

Skill      XL: |  1  2  3  4  5  6 |
---------------+-------------------+-----
Long Blades    | 4 5 6 7 |  7.2
Fighting       | 3 4 5 |  5.0
Dodging        | 4 5 |  5.1
Armour         | 1 2 |  2.4
Throwing       | |  2.0

Action                   |  1- 3 |  4- 6 |  7- 9 || total
-------------------------+-------+-------+-------++-------
Melee: Long sword        |    53 |    80 |    12 ||   145
       Headbutt          |    12 |    18 |     3 ||    33
Throw: Stone             |       |     1 |       ||     1
       Throwing net      |       |       |     3 ||     3
  Use: Scroll            |     2 |     2 |       ||     4
       Potion            |     2 |     2 |       ||     4
 Stab: Invisible         |       |     2 |       ||     2
       Sleeping          |       |     1 |       ||     1
  Eat: Chunk             |     2 |     3 |       ||     5
       Ration            |       |     1 |       ||     1
Armor: Leather armour    |    14 |    14 |       ||    28
Dodge: Dodged            |    56 |    64 |    10 ||   130
       Rpst.: Long sword |    18 |    22 |     3 ||    43

Table legend:
 A = Non-vault XP
 B = Vault XP
 C = Vault XP percentage of total XP
 D = Non-vault monster count
 E = Vault monster count
 F = Vault count percentage of total count
                 A         B        C        D         E       F
            +---------+---------+-------+---------+---------+-------
      Total |     389 |     472 |  54.8 |      59 |      13 |  18.1
            +---------+---------+-------+---------+---------+-------
        D:1 |      19 |       0 |   0.0 |      12 |       0 |   0.0
        D:2 |      51 |       0 |   0.0 |      19 |       0 |   0.0
        D:3 |     119 |      33 |  21.7 |      18 |      11 |  37.9
        D:4 |     200 |     439 |  68.7 |      10 |       2 |  16.7
            +---------+---------+-------+---------+---------+-------
